 Dungeon Crawl Stone Soup version 0.30-a0-458-g86641cc369 (webtiles) character file.

Game seed: 8012264377958102801

86 funkygono the Firebug (level 4, 0/31 HPs)
             Began as a Demonspawn Fire Elementalist on Dec 14, 2022.
             Killed from afar by Dowan (4 damage)
             ... with a puff of flame
             ... on level 4 of the Dungeon.
             The game lasted 00:06:23 (3381 turns).

funkygono the Firebug (DsFE)                        Turns: 3381, Time: 00:06:24

Health: 0/31       AC:  4    Str:  8    XL:     4   Next: 27%
Magic:  3/8        EV: 12    Int: 19    God:
Gold:   93         SH:  0    Dex: 13    Spells: 2/8 levels left

rFire   . . .      SeeInvis .    k - +2 whip
rCold   . . .      Faith    .    (no shield)
rNeg    . . .      Spirit   .    a - +0 robe
rPois   .          Reflect  .    (no helmet)
rElec   .          Harm     .    (no cloak)
rCorr   .          Rampage  .    (no gloves)
Will    .....                    q - +1 pair of boots
Stlth   ++........               (no amulet)
HPRegen 0.25/turn                (no ring)
MPRegen 0.11/turn                (no ring)

@: no status effects
A: foul stench 2
a: no special abilities


You were on level 4 of the Dungeon.
You visited 1 branch of the dungeon, and saw 4 of its levels.

You collected 156 gold pieces.
You spent 63 gold pieces at shops.

Inventory:

Hand Weapons
 c - a +0 mace
 k - a +2 whip (weapon)
 l - the +6 spear "Worm's Wrath" {vorpal, Str+3}
   (You found it on level 2 of the Dungeon)

   It inflicts extra damage upon your enemies.
   Str:       It affects your strength (+3).
Armour
 a - a +0 robe (worn)
 f - the +0 ring mail of the Crushed Prophets {rPois}
   (You found it on level 3 of the Dungeon)

   rPois:     It protects you from poison.
 q - a +1 pair of boots (worn)
Scrolls
 h - a scroll of identify
Potions
 e - 3 potions of curing
 i - 2 potions of might
 p - 2 potions of attraction


   Skills:
 + Level 0.8 Fighting
 + Level 0.2 Maces & Flails
 + Level 2.0 Dodging
 - Level 1.7 Stealth
 + Level 2.9 Spellcasting
 + Level 1.5 Conjurations
 + Level 3.5 Fire Magic


You had 2 spell levels left.
You knew the following spells:

 Your Spells              Type           Power      Damage    Failure   Level
a - Foxfire               Conj/Fire      48%        2x1d6     5%          1
b - Scorch                Fire           32%        2d6       5%          2
c - Kindle Blastsparks    Fire/Tloc/Air  14%        2d11      28%         3

Your spell library contained the following spells:

 Spells                   Type           Power      Damage    Failure   Level
 Sting                    Tmut/Pois      8%         1d3       16%         1
 Cigotuvi's Dreadful Rot  Necr/Pois/Air  4%         N/A       24%         2
 Poisonous Vapours        Pois/Air       4%         N/A       24%         2
 Inner Flame              Hex/Fire       9%         N/A       22%         3
 Dazzling Flash           Conj/Hex       10%        N/A       32%         3
 Flame Wave               Conj/Fire      12%        2d6       47%         4
 Iskenderun's Mystic Bla  Conj/Tloc      5%         2d3       73%         4
 Dispel Undead            Necr           2%         3d7       83%         4
 Olgreb's Toxic Radiance  Pois           2%         N/A       83%         4
 Death Channel            Necr           1%         N/A       100%        6
 Starburst                Conj/Fire      6%         6d4       100%        6
 Borgnjor's Revivificati  Necr           1%         N/A       100%        8
 Necromutation            Tmut/Necr      1%         N/A       100%        8
 Death's Door             Necr           1%         N/A       100%        9


Dungeon Overview and Level Annotations

Branches:
Dungeon (4/15)
 Temple: D:4-7

Altars:

Shops:
D:2 !(:[*

Annotations:
D:3 1 runed translucent door, Jaakounette's ghost, weakling SpBr
D:4 2 transporters, Dowan; Duvessa; MCDelver's ghost, amateur OpFE


Innate Abilities, Weirdness & Mutations

You sometimes emit foul miasma when damaged in melee.


Message History

The foxfire hits Duvessa but does no damage.
Duvessa is moderately wounded.
The foxfire hits Duvessa but does no damage.
Duvessa is moderately wounded.
The grasping roots constrict you.
Casting: Foxfire (safe; 5% risk of failure)
Confirm with . or Enter, or press ? or * to list all spells.
You conjure some foxfire!
The foxfire hits Duvessa but does no damage.
Duvessa is moderately wounded.
The foxfire hits Duvessa.
Duvessa is moderately wounded.
The foxfire hits Duvessa but does no damage.
Duvessa is moderately wounded.
The grasping roots constrict you!
* * * LOW HITPOINT WARNING * * *
Dowan, Brother of Duvessa comes into view.
He is wielding a +0 dagger.
The grasping roots release their grip on you.
Okay, then.
Magic courses through your body.
The foxfire hits Duvessa but does no damage.
Duvessa is moderately wounded.
Dowan drinks a potion.
Dowan's spells are empowered!
Casting: Foxfire (safe; 5% risk of failure)
Confirm with . or Enter, or press ? or * to list all spells.
Flames lash Duvessa.
Duvessa is moderately wounded.
Duvessa's fire resistance burns away.
Duvessa hits you with a +0 short sword.
* * * LOW HITPOINT WARNING * * *
Casting: Scorch (safe; 5% risk of failure)
Confirm with . or Enter, or press ? or * to list all spells.
Flames lash Duvessa.
Duvessa is burned terribly!
Duvessa is heavily wounded.
Unknown command.
Casting: Scorch (safe; 5% risk of failure)
Confirm with . or Enter, or press ? or * to list all spells.
Flames lash Duvessa but do no damage.
Dowan gestures at you while chanting. The puff of flame hits you.
You die...

(# ..## ....# ....# ...#
...#####+##########...#
......(@[...........).#
.......e..............##
.......................#
.......................#
...e...................#
##.####.>##...##...##.##
#. ######+###...##.## .
.........#....
.........#....


You could see Duvessa (combustible) and Dowan (empowered).

Vanquished Creatures
  An adder (D:1)
  2 worms (D:2)
  3 dart slugs
  2 endoplasms (D:3)
  2 giant cockroaches (D:1)
  6 goblins
  7 hobgoblins
  9 jackals
  3 kobolds
  A quokka (D:2)
  9 ball pythons
  6 bats
  3 frilled lizards
  6 rats
60 creatures vanquished.

Vanquished Creatures (others)
  171 foxfires
171 creatures vanquished.

Grand Total: 231 creatures vanquished

Notes
Turn   | Place    | Note
-------+----------+-------------------------------------------
     0 | D:1      | funkygono the Demonspawn Fire Elementalist began the quest
                  | for the Orb.
     0 | D:1      | Reached XP level 1. HP: 13/13 MP: 3/3
   254 | D:1      | Found a faded altar of an unknown god.
   405 | D:1      | Reached skill level 3 in Fire Magic
   486 | D:1      | Gained mutation: You may rarely emit foul miasma when
                  | damaged in melee. [demonic ancestry]
   486 | D:1      | Reached XP level 2. HP: 19/19 MP: 1/5
  1472 | D:2      | Learned a level 2 spell: Scorch
  1519 | D:2      | Gained mutation: You sometimes emit foul miasma when
                  | damaged in melee. [demonic ancestry]
  1519 | D:2      | Reached XP level 3. HP: 24/24 MP: 2/6
  1656 | D:2      | Identified the +6 spear "Worm's Wrath" {vorpal, Str+3}
  1665 | D:2      | Found Etua's Weapon Boutique.
  1778 | D:2      | Found Esiall's General Store.
  1783 | D:2      | Learned a level 3 spell: Kindle Blastsparks
  2183 | D:2      | Found Ocarawon's Distillery.
  2218 | D:2      | Found Zuuti's Book Boutique.
  2273 | D:2      | Found Ebolirodd's Antique Armour Shop.
  2321 | D:2      | Bought a +0 pair of boots for 63 gold pieces
  2488 | D:3      | Reached XP level 4. HP: 31/31 MP: 5/8
  2573 | D:3      | Identified the +0 ring mail of the Crushed Prophets {rPois}
  2691 | D:3      | Identified the +3 spear of Extermination {drain, rC+}
  2950 | D:3      | Found a runed translucent door.
  2952 | D:3      | Noticed Jaakounette's ghost (weakling SpBr)
  2956 | D:3      | Noticed an orc warrior
  3192 | D:4      | Noticed a necrophage
  3195 | D:4      | Found a transporter.
  3195 | D:4      | Noticed MCDelver's ghost (amateur OpFE)
  3198 | D:4      | Found a transporter.
  3371 | D:4      | Noticed Duvessa
  3377 | D:4      | Noticed Dowan
  3381 | D:4      | Killed from afar by Dowan

Illustrated notes

Levels and vault maps discovered:
D:1:      saegor_arrival_fortress, layout_basic,
          dreamdust_ecumenical_altar_angels_and_demons, hex_intersection
D:2:      layout_basic, serial_shops, nicolae_shop_trees, nicolae_square_shop,
          nicolae_shop_behind_doors, shop, shop, minmay_small_reverse_x
D:3:      layout_rooms, ebering_ghost_inner_flame
D:4:      layout_gridville, gammafunk_ghost_arena, cheibrodos_sewer_entry_bend,
          minmay_bent, uniq_duvessa

Skill      XL: |  1  2  3  4 |
---------------+-------------+-----
Fire Magic     | 3 |  3.5
Dodging        | 2 |  2.0
Fighting       | |  0.8
Maces & Flails | |  0.2
Stealth        | |  1.7
Spellcasting   | |  2.9
Conjurations   | |  1.5

Action                   |  1- 3 |  4- 6 || total
-------------------------+-------+-------++-------
Melee: Mace              |     9 |       ||     9
       Punch             |     1 |       ||     1
 Cast: Foxfire           |    75 |    25 ||   100
       Scorch            |     2 |     5 ||     7
  Use: Scroll            |    11 |     2 ||    13
       Potion            |       |     1 ||     1
Armor: Robe              |    14 |       ||    14
Dodge: Dodged            |    49 |       ||    49

Table legend: (Time is in decaauts)
 A = Elapsed time spent in this place.
 B = Non-inter-level travel time spent in this place.
 C = Inter-level travel time spent in this place.
 D = Time resting spent in this place.
 E = Time spent auto-exploring this place.
 F = Levels seen in this place.
 G = Mean time per level.
                   A        B        C        D        E       F      G
               +--------+--------+--------+--------+--------+-----+--------+
         Total |   3383 |   3342 |     41 |    287 |   2467 |   4 |  845.8 |
       Dungeon |   3383 |   3342 |     41 |    287 |   2467 |   4 |  845.8 |
               +--------+--------+--------+--------+--------+-----+--------+

Top non-repeatable levels by time:
     D:1: 1485 daAuts
     D:2: 997 daAuts
     D:3: 627 daAuts
     D:4: 273 daAuts
